 Dungeon Crawl Stone Soup version 0.27-a0-869-g165b36e3f0 (webtiles) character file.

Game seed: 14175934783112370021

25 spiderkeys the Sneak (level 3, -6/16 HPs)
             Began as a Vine Stalker Enchanter on Apr 3, 2021.
             Mangled by a gnoll
             ... wielding a +3 halberd of freezing
              (9 damage)
             ... on level 2 of the Dungeon.
             The game lasted 00:01:30 (1626 turns).

spiderkeys the Sneak (Vine Stalker Enchanter)       Turns: 1626, Time: 00:01:31

Health: -6/16      AC:  2    Str: 10    XL:     3   Next: 6%
Magic:  0/7        EV: 12    Int: 15    God:
Gold:   25         SH:  0    Dex: 15    Spells: 6/7 levels left

rFire    . . .     SeeInvis .   a - +1 dagger
rCold    . . .     Faith    .   (no shield)
rNeg     . . .     Spirit   +   b - +0 robe
rPois    .         Reflect  .   (no helmet)
rElec    .         Harm     .   (no cloak)
rCorr    .         Rampage  .   (no gloves)
Will     .....                  (no boots)
Stlth    +++.......             (no amulet)
HPRegen  0.05/turn              (no ring)
MPRegen  0.10/turn              (no ring)

@: no status effects
A: fangs 2, magic shield, antimagic bite, no potion heal 2
a: no special abilities


You were on level 2 of the Dungeon.
You visited 1 branch of the dungeon, and saw 2 of its levels.

You collected 25 gold pieces.

Inventory:

Hand Weapons
 a - a +1 dagger (weapon)
Armour
 b - a +0 robe (worn)
Scrolls
 e - a scroll of teleportation {unknown}
Potions
 c - 2 potions of curing {unknown}
 d - a potion of brilliance {unknown}


   Skills:
 + Level 1.3 Short Blades
 + Level 1.9 Dodging
 + Level 4.0 Stealth
 + Level 2.5 Spellcasting
 + Level 3.2 Hexes


You had 6 spell levels left.
You knew the following spells:

 Your Spells              Type           Power      Damage    Failure   Level
a - Corona                Hex            12%        N/A       5%          1

Your spell library contained the following spells:

 Spells                   Type           Power      Damage    Failure   Level
 Ensorcelled Hibernation  Hex/Ice        12%        N/A       16%         2
 Confusing Touch          Hex            11%        N/A       17%         3
 Tukima's Dance           Hex            11%        N/A       17%         3
 Freeze                   Ice            4%         1d3       22%         1
 Magic Dart               Conj           4%         1d3       22%         1
 Pain                     Necr           4%         1d4       22%         1
 Shock                    Conj/Air       4%         1d3       22%         1
 Sting                    Tmut/Pois      4%         1d3       22%         1
 Dazzling Flash           Conj/Hex       12%        N/A       32%         3


Dungeon Overview and Level Annotations

Branches:
Dungeon (2/15)

Altars:


Innate Abilities, Weirdness & Mutations

You have extremely sharp teeth.
When hurt, damage is shared between your health and your magic reserves.
Your bite disrupts and absorbs the magic of your enemies.
Potions cannot restore your health.


Message History

Done exploring.
You open the door.
There is an open door here.
There is an open door here.
There is a stone staircase leading down here.
You climb downwards.
Found 8 gold pieces.
There is a stone staircase leading up here.
A frilled lizard comes into view.
A frilled lizard is nearby!
The helpless frilled lizard fails to defend itself.
You impale the frilled lizard!!
You kill the frilled lizard!
You miscast Corona.
You are very lightly contaminated with residual magic.
Nothing appears to happen.
The gnoll is outlined in light.
The gnoll misses you. The gnoll closely misses you.
The gnoll shouts!
You hit the gnoll.
The gnoll is lightly wounded.
You hit the gnoll. Your bite misses the gnoll.
The gnoll is moderately wounded.
You hit the gnoll but do no damage.
The gnoll is moderately wounded.
The gnoll hits you with a +3 halberd of freezing.
The gnoll freezes you.
You hit the gnoll.
The gnoll is heavily wounded.
The gnoll hits you with a +3 halberd of freezing.
The gnoll freezes you.
The gnoll hits you with a +3 halberd of freezing.
The gnoll freezes you.
* * * LOW HITPOINT WARNING * * *
Your magical contamination has completely faded away.
The gnoll closely misses you. The gnoll barely misses you.
The gnoll hits you from afar with a +3 halberd of freezing!
Ouch! That really hurt!
You die...

#. #.##.# #.# ..
..# #.# ######.##
#...# #...# #...#
#.####..g#####
#.....†.g....######
..........@....<..#
##...........####.#
#####...##### #
#...# #...# #...#
##.## #.#


You could see 2 gnolls.

Vanquished Creatures
  A dart slug (D:1)
  2 endoplasms (D:1)
  A giant cockroach (D:1)
  A goblin (D:1)
  3 hobgoblins (D:1)
  3 kobolds
  2 quokkas (D:1)
  3 bats (D:1)
  3 frilled lizards
  3 rats (D:1)
22 creatures vanquished.

Notes
Turn   | Place    | Note
-------+----------+-------------------------------------------
     0 | D:1      | spiderkeys the Vine Stalker Enchanter began the quest for
                  | the Orb.
     0 | D:1      | Reached XP level 1. HP: 9/9 MP: 4/4
    68 | D:1      | Reached skill level 1 in Short Blades
   110 | D:1      | Reached XP level 2. HP: 6/13 MP: 1/6
  1531 | D:2      | Reached skill level 4 in Stealth
  1531 | D:2      | Reached XP level 3. HP: 16/16 MP: 7/7
  1546 | D:2      | Identified Qowiwi Ytza's Beginning Course on Hermeneutics
  1626 | D:2      | Mangled by a gnoll

Illustrated notes

Levels and vault maps discovered:
D:1:      dpeg_arrival_simpleton_c, layout_loops_corners
D:2:      cheibrodos_greedy_goblins, layout_loops_cross

Skill      XL: |  1  2 |
---------------+-------+-----
Short Blades   | 1 |  1.3
Stealth        | 4 |  4.0
Dodging        | |  1.9
Spellcasting   | |  2.5
Hexes          | |  3.2

Action                   || total
-------------------------++-------
Melee: Dagger            ||    67
       Bite              ||    10
 Cast: Corona            ||     1
 Stab: Sleeping          ||     7
Armor: Robe              ||    10
Dodge: Dodged            ||    50

Table legend: (Time is in decaauts)
 A = Elapsed time spent in this place.
 B = Non-inter-level travel time spent in this place.
 C = Inter-level travel time spent in this place.
 D = Time resting spent in this place.
 E = Time spent auto-exploring this place.
 F = Levels seen in this place.
 G = Mean time per level.
                   A        B        C        D        E       F      G
               +--------+--------+--------+--------+--------+-----+--------+
         Total |   1622 |   1563 |     59 |      0 |   1391 |   2 |  811.0 |
       Dungeon |   1622 |   1563 |     59 |      0 |   1391 |   2 |  811.0 |
               +--------+--------+--------+--------+--------+-----+--------+

Top non-repeatable levels by time:
     D:1: 1562 daAuts
     D:2: 60 daAuts
